 Dungeon Crawl Stone Soup version 0.30-a0-870-gc5d4c5acee (webtiles) character file.

Game seed: 9932485452472759487

18760 domi the Destroyer (level 12, 0/74 HPs)
             Began as a Demonspawn Conjurer on Mar 11, 2023.
             Was an Initiate of Gozag.
             Killed from afar by a bog body (26 damage)
             ... with a bolt of cold
             ... on level 2 of the Lair of Beasts.
             The game lasted 00:48:40 (15010 turns).

domi the Destroyer (Demonspawn Conjurer)           Turns: 15010, Time: 00:48:41

Health: 0/74       AC:  5    Str:  9    XL:     12   Next: 30%
Magic:  0/25       EV: 12    Int: 23    God:    Gozag
Gold:   945        SH:  5    Dex: 16    Spells: 10/30 levels left

rFire   + . .      SeeInvis .    v - +3 whip (venom)
rCold   x . .      Faith    .    t - +0 buckler
rNeg    . . .      Spirit   +    a - +0 robe
rPois   +          Reflect  .    (helmet restricted)
rElec   .          Rampage  .    C - +1 cloak {rPois}
rCorr   .                        (no gloves)
Will    .....                    D - +0 pair of boots
Stlth   ++++                     (no amulet)
HPRegen 0.32/turn                f - ring of poison resistance {rPois}
MPRegen 0.38/turn                y - ring of fire {rF+, rC-}

@: no status effects
A: horns 1, thin skeletal structure 2, powered by death 2, magic shield, magic
regeneration
a: Renounce Religion, Potion Petition, Call Merchant, Bribe Branch


You were on level 2 of the Lair of Beasts.
You worshipped Gozag.
Gozag was pleased with you.
You visited 3 branches of the dungeon, and saw 14 of its levels.
You also visited: Sewer.

You collected 1013 gold pieces.
You paid 68 gold pieces to Gozag.

Inventory:

Hand Weapons
 v - a +3 whip of venom (weapon)
   (You took it off an orc on level 5 of the Dungeon)
Missiles
 c - a throwing net {=f, !d=f}
 p - a curare-tipped dart {=f}
 B - 5 javelins (quivered)
 F - 6 poisoned darts
Armour
 a - a +0 robe (worn)
 t - a +0 buckler (worn)
   (You took it off a gnoll sergeant on level 7 of the Dungeon)
 C - a +1 cloak of poison resistance (worn)
   (You found it on level 8 of the Dungeon)
 D - a +0 pair of boots (worn)
   (You found it on level 8 of the Dungeon)
Jewellery
 f - a ring of poison resistance (left hand) {rPois}
   (You found it on level 2 of the Dungeon)
 n - a ring of protection from fire {rF+}
   (You took it off an orc on level 7 of the Dungeon)
 u - a +4 ring of protection
   (You found it on level 5 of the Dungeon)
 y - a ring of fire (right hand) {rF+, rC-}
   (You found it on level 9 of the Dungeon)
 A - a ring of flight {+Fly, !d}
   (You found it on level 7 of the Dungeon)
Wands
 e - a wand of quicksilver (6)
   (You found it on level 10 of the Dungeon)
 o - a wand of digging (2)
   (You found it on level 10 of the Dungeon)
 w - a wand of charming (1)
   (You found it in a sewer)
 z - a wand of flame (12)
   (You found it on level 10 of the Dungeon)
Scrolls
 g - 8 scrolls of identify {@r1}
 h - a scroll of immolation {!r!r}
 i - a scroll of teleportation {@r4}
 x - 2 scrolls of enchant weapon
Potions
 d - 3 potions of degeneration {!q}
 j - 2 potions of flight
 k - a potion of curing {@q1}
 l - 5 potions of brilliance
 m - 2 potions of resistance
 q - 2 potions of might
 r - 2 potions of lignification {unknown}
 G - a potion of mutation {!q!q}
Miscellaneous
 b - a phial of floods
   (You found it on level 10 of the Dungeon)


   Skills:
 - Level 1.7 Dodging
 - Level 1.7 Stealth
 - Level 4.0 Shields
 + Level 9.8 Spellcasting
 - Level 11.4 Conjurations
 - Level 5.0 Hexes
 - Level 5.0 Translocations
 * Level 8.0 Fire Magic
 - Level 5.0 Air Magic
 - Level 5.5 Poison Magic


You had 10 spell levels left.
You knew the following spells:

 Your Spells              Type           Power      Damage    Failure   Level
c - Iskenderun's Mystic   Conj/Tloc      49%        2d11      2%          4
u - Flame Wave            Conj/Fire      71%        2d16      1%          4
x - Searing Ray           Conj           100%       2d8       1%          2
y - Scorch                Fire           100%       2d10      1%          2
z - Magic Dart            Conj           100%       1d8       1%          1
C - Mephitic Cloud        Conj/Pois/Air  45%        N/A       1%          3
Z - Fulminant Prism       Conj/Hex       24%        3d12      2%          4

Your spell library contained the following spells:

 Spells                   Type           Power      Damage    Failure   Level
 Apportation              Tloc           68%        N/A       1%          1
 Lesser Beckoning         Tloc           68%        N/A       1%          2
 Poisonous Vapours        Pois/Air       70%        N/A       1%          2
 Dazzling Flash           Conj/Hex       98%        N/A       1%          3
 Hailstorm                Conj/Ice       37%        3d9       1%          3
 Cigotuvi's Dreadful Rot  Necr/Pois/Air  54%        N/A       2%          2
 Gell's Gravitas          Tloc           34%        N/A       2%          3
 Teleport Other           Tloc           34%        N/A       2%          3
 Freeze                   Ice            44%        1d6       8%          1
 Necrotise                Necr           44%        1d6       8%          1
 Summon Small Mammal      Summ           44%        N/A       8%          1
 Frozen Ramparts          Ice            22%        1d4       22%         3
 Summon Cactus Giant      Summ           5%         N/A       100%        6


Dungeon Overview and Level Annotations

Branches:
Dungeon (11/15)            Temple (1/1) D:4            Lair (2/5) D:10
  Swamp (0/4) Lair:2        Sewer (visited)
  Snake: Lair:2-3    Spider: Lair:2-3       Orc: D:9-12

Altars:
Ashenzari
Cheibriados
Dithmenos
Fedhas
Gozag
Hepliaklqana
Kikubaaqudgha
Makhleb
Nemelex Xobeh
Okawaru
Qazlal
Ru
Sif Muna
Trog
Uskayaw
Vehumet
Wu Jian
Xom
Yredelemnul

Shops:
D:2 (   D:8 *:

Annotations:
D:8 Amaemon, Maurice


Innate Abilities, Weirdness & Mutations

You have a pair of small horns on your head.
You have a moderately thin skeletal structure. (Dex +4, Stealth++)
You regenerate health from kills.
When hurt, damage is shared between your health and your magic reserves.
You regenerate magic rapidly.


Message History

The bullfrog is burned terribly!
You kill the bullfrog!
You feel a surge of power!
Flames lash the black mamba.
The black mamba's fire resistance burns away.
You feel a surge of power!
Flames lash the black mamba.
The black mamba is burned terribly!
You hear an angry hiss.
The black mamba bites you.
You are poisoned.
The black mamba poisons you! The black mamba closely misses you.
You feel a surge of power!
Flames lash the black mamba.
The black mamba is burned terribly!
You feel very sick. The black mamba closely misses you.
The black mamba bites you.
You feel a surge of power!
Flames lash the black mamba.
The black mamba is burned terribly!
You kill the black mamba!
You feel very sick.
You feel very sick.
You now have 828 gold pieces (gained 9).
You feel sick.
You feel sick.
You see here 6 gold pieces.
You feel sick.
You feel sick.
You feel sick.
You feel sick.
You feel sick.
You are no longer poisoned.
You feel a surge of power!
Flames lash the rime drake.
The rime drake's fire resistance burns away.
You feel a surge of power!
Flames lash the rime drake.
The rime drake is burned terribly!
You feel a surge of power!
Flames lash the rime drake.
The rime drake is burned terribly!
You kill the rime drake!
Your Fire Magic skill increases to level 8!
You hear the loud beating of a very distant drum.
You now have 841 gold pieces (gained 13).
You hear the thunderous beating of a very distant drum.
You now have 847 gold pieces (gained 6).
You now have 865 gold pieces (gained 18).
You now have 882 gold pieces (gained 17).
You now have 901 gold pieces (gained 19).
You now have 908 gold pieces (gained 7).
You now have 923 gold pieces (gained 15).
You pick up a book of Displacement and begin reading...
You add the spells Lesser Beckoning, Gell's Gravitas and Teleport Other to your library.
r - 2 clear potions (gained 1)
Found a stone staircase leading down.
You now have 939 gold pieces (gained 16).
You hear the thunderous beating of a very distant drum.
Found a stone staircase leading down.
A bullfrog comes into view.
You can't see any susceptible monsters within range! (Use Z to cast anyway.)
The bullfrog gives a loud, deep croak!
You feel a surge of power!
Flames lash the bullfrog.
The bullfrog's fire resistance burns away.
The bullfrog closely misses you.
You whack the bullfrog! The bullfrog hits you. You block the bullfrog's attack.
You hit the bullfrog.
The bullfrog is poisoned.
Your headbutt misses the bullfrog. You block the bullfrog's attack.
The bullfrog hits you but does no damage.
You whack the bullfrog!
You kill the bullfrog!
You now have 945 gold pieces (gained 6).
You hear the deafening beating of a very distant drum.
Found a staircase to the Swamp. 2 bog bodies come into view.
There are monsters nearby!
You feel a surge of power!
Flames lash the bog body.
The bog body resists.
The bog body's fire resistance burns away.
You feel a surge of power!
A wave of flame ripples out! (Press . to intensify the flame waves.)
A wave of flame ripples out!
The flame wave engulfs the bog body!!
The tree burns like a torch!
The flame wave engulfs the bog body.
The bog body resists.
You hear an angry hiss.
The bog body points at you and mumbles some strange words.
The bolt of cold hits you!!!
You feel a terrible chill!
Ouch! That really hurt!
The bog body casts a spell at you. The bolt of cold hits you!!!
You feel a terrible chill!
* * * LOW HITPOINT WARNING * * *
Unknown command.
Blink to where?
As you read the scroll of blinking, it crumbles to dust.
The bog body is no longer more vulnerable to fire.
As you read the scroll of summoning, it crumbles to dust.
Wisps of shadow whirl around you...
The forest fire spreads!
You feel better.
You feel better.
Your cane toad closely misses the bog body.
The bog body casts a spell at you. The bolt of cold hits your cane toad!!
The bolt of cold hits you!!
You feel a terrible chill!
You die...
Your body crumbles into a pile of gold.

#..............+.......#.
#.#......#.....#.........
##....^...#.....#P.......#.
#..#.....F......##.§~♣~..§.
##........F.....##.♣~~~~...
##.#......#.....#..§~>~§§§.
#..#.........F.....§§n~~.#.
##.....##..FFl......§§~....
#..........@..Fn.n.§......
###.##P.#.####.#####.....#
######### ### #..### ###


You could see 2 bog bodies, a friendly cane toad (summoned), 5 friendly blink
frogs and a friendly wyvern (summoned).

Vanquished Creatures
  3 two-headed ogres
  Nergalle (D:10)
  A black mamba (Lair:2)
  6 cane toads
  4 kobold demonologists (D:9)
  A rime drake (Lair:2)
  A troll (D:10)
  A shadow (D:10)
  8 yaks
  2 wraiths
  Grum (D:8)
  A vampire (D:10)
  2 wyverns
  A steam dragon (D:9)
  3 wargs (D:10)
  An acid dragon (D:9)
  10 water moccasins
  2 sky beasts
  An ice beast (D:7)
  2 black bears
  A centaur (D:6)
  3 orc warriors
  16 wolves
  3 phantoms
  4 kobold brigands
  6 bullfrogs
  9 scorpions
  3 gnoll sergeants
  12 wights
  4 killer bees (D:9)
  A crimson imp (D:6)
  2 jellies
  A gnoll bouda (D:7)
  A hound (D:6)
  4 orc priests
  7 orc wizards
  3 iguanas
  A hell rat (Sewer)
  16 gnolls
  2 river rats (Sewer)
  9 adders
  2 white imps
  2 ufetubi
  A worm (D:4)
  4 dart slugs
  27 orcs
  8 ball pythons
  6 endoplasms
  9 giant cockroaches
  4 goblins
  3 hobgoblins
  9 jackals
  3 quokkas
  18 bats
  9 frilled lizards
  50 kobolds
  11 rats
326 creatures vanquished.

Vanquished Creatures (collateral kills)
  A two-headed ogre (D:11)
1 creature vanquished.

Vanquished Creatures (others)
  A yak (D:6)
  A bullfrog (D:9)
  62 fulminant prisms
  24 fungi
  16 plants
104 creatures vanquished.

Grand Total: 431 creatures vanquished

Notes
Turn   | Place    | Note
-------+----------+-------------------------------------------
     0 | D:1      | domi the Demonspawn Conjurer began the quest for the Orb.
     0 | D:1      | Reached XP level 1. HP: 13/13 MP: 3/3
   359 | D:1      | Gained mutation: You have a somewhat thin skeletal
                  | structure. (Dex +2, Stealth+) [demonic ancestry]
   359 | D:1      | Reached XP level 2. HP: 19/19 MP: 1/5
   908 | D:1      | Found a faded altar of an unknown god.
  1339 | D:1      | Reached skill level 5 in Conjurations
  1492 | D:2      | Gained mutation: You regenerate a little health from kills.
                  | [demonic ancestry]
  1492 | D:2      | Reached XP level 3. HP: 24/24 MP: 3/6
  1856 | D:2      | Found Vereyzat's Weapon Shoppe.
  2075 | D:2      | Learned a level 2 spell: Searing Ray
  2592 | D:3      | Gained mutation: You regenerate health from kills. [demonic
                  | ancestry]
  2592 | D:3      | Reached XP level 4. HP: 30/30 MP: 1/7
  3223 | D:2      | Learned a level 4 spell: Iskenderun's Mystic Blast
  3272 | D:3      | Reached skill level 6 in Conjurations
  3471 | D:3      | Reached skill level 1 in Translocations
  3736 | D:4      | Noticed a scorpion
  3870 | D:4      | Gained mutation: You have a moderately thin skeletal
                  | structure. (Dex +4, Stealth++) [demonic ancestry]
  3870 | D:4      | Reached XP level 5. HP: 35/35 MP: 6/8
  3927 | D:4      | Reached skill level 2 in Translocations
  4120 | D:4      | Found a staircase to the Ecumenical Temple.
  4135 | D:4      | Gained mutation: You regenerate magic rapidly. [demonic
                  | ancestry]
  4135 | D:4      | Reached XP level 6. HP: 41/41 MP: 0/9
  4189 | Temple   | Entered the Ecumenical Temple
  4507 | Temple   | Became a worshipper of Gozag Ym Sagoz the Greedy
  4921 | D:5      | Entered Level 5 of the Dungeon
  5243 | D:5      | Reached skill level 3 in Translocations
  5346 | D:5      | Reached skill level 7 in Conjurations
  5452 | D:5      | Reached XP level 7. HP: 46/46 MP: 1/11
  5499 | D:5      | Learned a level 4 spell: Fulminant Prism
  5924 | D:5      | Reached skill level 3 in Spellcasting
  5924 | D:5      | Reached skill level 1 in Hexes
  6408 | D:6      | Found a glowing drain.
  6437 | Sewer    | Entered a sewer
  6752 | D:6      | Reached skill level 2 in Hexes
  6752 | D:6      | Reached skill level 4 in Translocations
  6757 | D:6      | Reached XP level 8. HP: 52/52 MP: 2/13
  6896 | D:6      | Reached skill level 4 in Spellcasting
  6989 | D:6      | Reached skill level 3 in Hexes
  7116 | D:6      | Reached skill level 8 in Conjurations
  7181 | D:6      | HP: 11/52 [yak (11)]
  7544 | D:6      | HP: 13/52 [yak (15)]
  7762 | D:5      | Reached skill level 5 in Translocations
  7803 | D:5      | Reached skill level 4 in Hexes
  7827 | D:5      | Reached skill level 5 in Spellcasting
  7910 | D:5      | Gained mutation: When hurt, damage is shared between your
                  | health and your magic reserves. [demonic ancestry]
  7910 | D:5      | Reached XP level 9. HP: 57/57 MP: 6/16
  7946 | D:5      | Learned a level 3 spell: Mephitic Cloud
  8308 | D:6      | Reached skill level 1 in Air Magic
  8308 | D:6      | Reached skill level 1 in Poison Magic
  8314 | D:6      | Reached skill level 9 in Conjurations
  8314 | D:6      | Reached skill level 5 in Hexes
  8317 | D:6      | Reached skill level 2 in Air Magic
  8317 | D:6      | Reached skill level 2 in Poison Magic
  9102 | D:7      | Reached skill level 6 in Spellcasting
  9102 | D:7      | Reached skill level 11 in Conjurations
  9102 | D:7      | Reached skill level 5 in Air Magic
  9102 | D:7      | Reached skill level 5 in Poison Magic
  9102 | D:7      | Reached XP level 10. HP: 63/63 MP: 16/20
  9279 | D:7      | Reached skill level 7 in Spellcasting
  9369 | D:7      | Noticed a two-headed ogre
  9385 | D:7      | Killed a two-headed ogre
 10079 | D:8      | Reached skill level 1 in Shields
 10269 | D:8      | Noticed Grum
 10280 | D:8      | Killed Grum
 10281 | D:8      | Reached skill level 8 in Spellcasting
 10331 | D:8      | Found Gesokk's Tremendous Tomes.
 10343 | D:8      | Learned a level 2 spell: Scorch
 10425 | D:8      | You fall into a shaft and drop 3 floors!
 10517 | D:11     | Noticed a two-headed ogre
 10521 | D:11     | Killed a two-headed ogre
 10522 | D:11     | Reached skill level 1 in Fire Magic
 10522 | D:11     | Reached XP level 11. HP: 68/68 MP: 23/23
 10543 | D:10     | Entered Level 10 of the Dungeon
 10671 | D:10     | Noticed a two-headed ogre
 10747 | D:9      | Reached skill level 2 in Shields
 10803 | D:9      | Reached skill level 2 in Fire Magic
 10949 | D:9      | Learned a level 4 spell: Flame Wave
 11139 | D:9      | Reached skill level 3 in Fire Magic
 11247 | D:8      | Found an ancient bone altar of Kikubaaqudgha.
 11247 | D:8      | Found a radiant altar of Vehumet.
 11248 | D:8      | Noticed Maurice
 11255 | D:8      | Noticed Amaemon
 11401 | D:8      | Found Tinuid's Lightly-Used Armoury.
 11609 | D:9      | Reached skill level 3 in Shields
 12076 | D:10     | Reached skill level 4 in Fire Magic
 12164 | D:10     | Noticed Nergalle
 12612 | D:10     | Killed a two-headed ogre
 12618 | D:10     | Noticed a two-headed ogre
 12627 | D:10     | Killed a two-headed ogre
 12628 | D:10     | Reached skill level 5 in Fire Magic
 12696 | D:10     | Reached skill level 4 in Shields
 12756 | D:10     | Found a staircase to the Lair.
 12927 | D:10     | Found a staircase to the Lair.
 12933 | D:10     | Noticed a spectral orc warlord
 12936 | D:10     | Killed Nergalle
 12937 | D:10     | Reached skill level 9 in Spellcasting
 13700 | Lair:1   | Entered Level 1 of the Lair of Beasts
 13763 | Lair:1   | Reached skill level 6 in Fire Magic
 14052 | Lair:1   | Gained mutation: You have a pair of small horns on your
                  | head. [demonic ancestry]
 14052 | Lair:1   | Reached XP level 12. HP: 74/74 MP: 19/25
 14325 | Lair:1   | Reached skill level 7 in Fire Magic
 14825 | Lair:2   | Reached skill level 8 in Fire Magic
 15002 | Lair:2   | Found a staircase to the Swamp.
 15006 | Lair:2   | HP: 3/74 [bog body/bolt of cold (30)]
 15010 | Lair:2   | Killed from afar by a bog body

Illustrated notes

Levels and vault maps discovered:
D:1:      minmay_arrival_doors, layout_basic, ebering_ecumenical_altar_hall
D:2:      layout_loops_ring, serial_shops, nicolae_shop_bloodbath_and_beyond,
          minmay_split_cup_large
D:3:      layout_basic, nicolae_tso_swordbearing_angel, grunt_ministairs_13,
          roderic_batcave, nrook_uturn, chequers_serial_rivers_micro_c,
          kennysheep_generic_room_16
D:4:      layout_rooms, temple_doors_e
D:5:      old_forge, layout_basic, interstate_on_off
D:6:      kennysheep_kobold_camp, layout_loops_ring, gup_sewer_entry_pipe,
          minmay_fire_ice_demons
D:7:      layout_rooms, minmay_chambers_of_fives
D:8:      layout_rooms, gammafunk_temple_overflow_pools,
          nicolae_shop_i_like_big_books, minmay_shop_damaged,
          guppyfry_early_elven_hall, uniq_grum, uniq_amaemon, uniq_maurice
D:9:      layout_roguey
D:10:     layout_loops_ring, erik_lair_orcish_takeover, uniq_nergalle
D:11:     layout_rooms, uniq_josephine
Temple:   compressed_dpeg_triangle_lava_temple
Lair:1:   layout_roguey
Lair:2:   layout_regular_city, skrybe_swamp_entry_bodies,
          nicolae_spider_entry_lesser_pyramids, gauntlet_entry_generic,
          gammafunk_ghost_necromancy

Skill      XL: |  1  2  3  4  5  6  7  8  9 10 11 12 |
---------------+-------------------------------------+-----
Conjurations   | 5 6 7 8 11 | 11.4
Translocations | 1 2 3 4 5 |  5.0
Spellcasting   | 3 5 6 8 9 |  9.8
Hexes          | 2 4 5 |  5.0
Air Magic      | 5 |  5.0
Poison Magic   | 5 |  5.5
Shields        | 1 4 |  4.0
Fire Magic     | 1 6 8 |  8.0
Dodging        | |  1.7
Stealth        | |  1.7

Action                     |  1- 3 |  4- 6 |  7- 9 | 10-12 || total
---------------------------+-------+-------+-------+-------++-------
  Melee: Unarmed           |    38 |       |       |     3 ||    41
         Whip              |       |       |    19 |    22 ||    41
         Headbutt          |       |       |       |     1 ||     1
   Cast: Magic Dart        |    96 |   109 |    51 |    42 ||   298
         Searing Ray       |       |     9 |    43 |    27 ||    79
         Fulminant Prism   |       |       |     8 |    54 ||    62
         Iskenderun's Myst |       |       |     3 |    13 ||    16
         Mephitic Cloud    |       |       |     3 |     3 ||     6
         Scorch            |       |       |       |    86 ||    86
         Flame Wave        |       |       |       |    16 ||    16
  Evoke: Wand              |       |       |     2 |       ||     2
    Use: Scroll            |       |       |    23 |     8 ||    31
         Potion            |       |       |     3 |     3 ||     6
   Stab: Confused          |       |       |     1 |       ||     1
         Distracted        |       |       |       |     1 ||     1
 Armour: Robe              |    19 |     2 |     5 |    16 ||    42
  Dodge: Dodged            |    43 |    16 |    33 |    47 ||   139
  Block: Buckler           |       |       |       |    19 ||    19

Table legend: (Time is in decaauts)
 A = Elapsed time spent in this place.
 B = Non-inter-level travel time spent in this place.
 C = Inter-level travel time spent in this place.
 D = Time resting spent in this place.
 E = Time spent auto-exploring this place.
 F = Levels seen in this place.
 G = Mean time per level.
                   A        B        C        D        E       F      G
               +--------+--------+--------+--------+--------+-----+--------+
         Total |  15051 |  14168 |    883 |   3041 |   8947 |  15 | 1003.4 |
       Dungeon |  13231 |  12431 |    800 |   2843 |   7668 |  11 | 1202.8 |
        Temple |    337 |    290 |     47 |      0 |    278 |   1 |  337.0 |
          Lair |   1310 |   1274 |     36 |    156 |    902 |   2 |  655.0 |
         Sewer |    172 |    172 |      0 |     42 |     99 |   1 |  172.0 |
               +--------+--------+--------+--------+--------+-----+--------+

Top non-repeatable levels by time:
     D:5: 2032 daAuts
    D:10: 1826 daAuts
     D:6: 1740 daAuts
     D:1: 1402 daAuts
     D:3: 1364 daAuts
     D:7: 1302 daAuts
     D:2: 1072 daAuts
     D:9: 972 daAuts
  Lair:1: 946 daAuts
     D:4: 826 daAuts
     D:8: 574 daAuts
  Lair:2: 364 daAuts
  Temple: 337 daAuts
   Sewer: 172 daAuts
    D:11: 117 daAuts

Table legend:
 A = Kills in this place as a percentage of kills in the entire game.
 B = Kills by you in this place as a percentage of kills by you in the entire game.
 C = Kills by friends in this place as a percentage of kills by friends in the entire game.
 D = Other kills in this place as a percentage of other kills in the entire game.
 E = Experience gained in this place as a percentage of experience gained in the entire game.
 F = Experience gained in this place divided by the number of levels of this place that you have seen.
                   A       B       C       D       E      F
               +-------+-------+-------+-------+-------+----------------------
         Total | 100.0 | 100.0 | 100.0 | 100.0 | 100.0 | 1507.4
       Dungeon |  85.4 |  85.1 | 100.0 | 100.0 |  66.5 | 1367.9
          Lair |  12.2 |  12.4 |   0.0 |   0.0 |  33.2 | 3749.0
         Sewer |   2.4 |   2.5 |   0.0 |   0.0 |   0.3 |  66.0
               +-------+-------+-------+-------+-------+----------------------
